Blue Jackets vs Wild
(R2)
Created - 30 novembre 2013 at 22:54
Goals
|
| Blue Jackets |
0 |
1 |
1 |
2 |
| Wild |
1 |
2 |
2 |
5 |
|
Shots
|
| Blue Jackets |
14 |
16 |
6 |
36 |
| Wild |
15 |
13 |
10 |
38 |
|
1st period
1. Wild , Nathan Dempsey 2 (Mike Green, Brian Rolston) at 19:31 (PP)
Penalties :
Willie Mitchell (Min) for Interference (Minor) at 1:11, Rod Brind'Amour (Min) for High sticking (Minor) at 8:42, Pavel Bure (Clb) for Slashing (Minor) at 19:21
2nd period
2. Blue Jackets , Branislav Mezei 1 (Kevin Bieksa, Wade Redden) at 12:05 (PP)
3. Wild , R.J. Umberger 6 (Vaclav Prospal, Nathan Dempsey) at 13:26 (PP)
4. Wild , Chris Higgins 8 (Nathan Dempsey, Anson Carter) at 17:44
Penalties :
R.J. Umberger (Min) for Holding (Minor) at 0:39, Shaone Morrisonn (Clb) for Interference (Minor) at 10:00, Alexei Kovalev (Min) for Tripping (Minor) at 10:33, Greg Campbell (Clb) for Interference (Minor) at 12:52, Mike Green (Min) for Fighting (Major) at 13:40, Wade Redden (Clb) for Fighting (Major) at 13:40, Ales Kotalik (Clb) for Interference (Minor) at 14:01
3rd period
5. Wild , Brian Rolston 6 (Vaclav Prospal) at 4:30
6. Blue Jackets , Pavel Bure 7 (Marc Savard) at 11:42
7. Wild , Rod Brind'Amour 6 (Anson Carter, Chris Higgins) at 14:21
Penalties :
Rod Brind'Amour (Min) for Hooking (Minor) at 2:20, Niclas Wallin (Min) for High sticking (Minor) at 11:29, Shaone Morrisonn (Clb) for Hooking (Minor) at 11:29, Marcus Nilson (Clb) for Hooking (Minor) at 17:58
Goalie Stats
Jaroslav Halak (Clb), 33 saves from 38 shots - (0,868), L, 1-3-0, 60:00 minutes
Julien Ellis (Min), 34 saves from 36 shots - (0,944), W, 5-0-1, 60:00 minutes
Players Stats for Blue Jackets
Player Name G A P +/- PIM S H SB GA TA FO MP PP MP PK MP
------------------------------------------------------------------------------------
Ales Kotalik 0 0 0 0 2 3 0 0 0 0 0/0 15:40 3:29 0:00
Andrew Ebbett 0 0 0 -1 0 1 1 0 0 0 2/2 5:26 0:00 0:00
Ben Guite 0 0 0 -1 0 0 0 0 0 0 0/0 5:49 0:23 0:00
Brad Stuart 0 0 0 -2 0 0 0 0 0 1 0/0 10:38 0:00 0:06
Branislav Mezei 1 0 1 0 0 2 4 0 1 1 0/0 23:19 3:30 1:54
David Booth 0 0 0 -2 0 1 2 1 1 0 1/2 21:02 4:10 1:03
Derek Morris 0 0 0 -1 0 1 2 1 2 1 0/0 24:20 3:30 2:39
Greg Campbell 0 0 0 0 2 2 1 0 0 0 6/7 11:35 0:00 0:42
Jan Bulis 0 0 0 0 0 2 5 0 0 0 3/11 17:05 3:29 0:40
Jason Ward 0 0 0 0 0 3 0 0 0 0 0/0 10:54 0:00 0:00
Kevin Bieksa 0 1 1 0 0 2 1 1 4 1 0/0 27:56 4:32 3:52
Ladislav Nagy 0 0 0 -1 0 1 1 0 0 0 0/1 6:45 0:23 0:20
Marc Savard 0 1 1 -1 0 7 3 1 1 0 21/43 25:06 4:10 4:03
Marcus Nilson 0 0 0 0 2 2 0 0 0 0 1/2 11:58 0:23 0:00
Michael Frolik 0 0 0 0 0 1 1 0 1 0 1/1 15:12 3:29 0:00
Pavel Bure 1 0 1 -1 2 6 2 1 1 2 3/3 24:42 4:10 3:42
Shaone Morrisonn 0 0 0 -2 4 1 0 0 0 0 0/0 9:16 0:00 0:00
Wade Redden 0 1 1 1 5 1 3 3 0 0 0/0 24:30 4:32 1:59
Players Stats for Wild
Player Name G A P +/- PIM S H SB GA TA FO MP PP MP PK MP
------------------------------------------------------------------------------------
Alexei Kovalev 0 0 0 0 2 2 1 1 0 1 1/3 22:02 3:36 2:39
Anson Carter 0 2 2 2 0 1 0 0 0 0 0/0 11:12 0:00 0:57
Brian Rolston 1 1 2 1 0 2 3 0 0 0 0/2 14:12 1:38 0:00
Chris Drury 0 0 0 -1 0 6 4 0 1 0 17/38 24:56 3:37 4:21
Chris Higgins 1 1 2 2 0 5 0 0 2 1 0/0 11:47 0:00 1:02
Fredrik Modin 0 0 0 0 0 2 1 0 1 0 0/0 5:26 0:00 0:00
Glen Metropolit 0 0 0 0 0 2 0 0 0 0 2/2 5:26 0:00 0:00
Jonathan Rheault 0 0 0 0 0 0 0 0 0 0 0/0 5:26 0:00 0:00
Jozef Stumpel 0 0 0 -1 0 2 3 1 1 2 3/5 24:57 3:37 4:20
Mark Eaton 0 0 0 -1 0 0 0 0 0 1 0/0 18:54 1:19 3:39
Mike Green 0 1 1 0 5 3 2 2 0 2 0/0 27:11 2:10 4:23
Nathan Dempsey 1 2 3 1 0 1 1 1 0 2 0/0 30:42 3:56 4:02
Niclas Wallin 0 0 0 1 2 0 1 1 0 1 0/0 18:42 1:19 3:39
R.J. Umberger 1 0 1 1 2 5 0 0 0 0 0/0 14:32 1:38 0:00
Rod Brind'Amour 1 0 1 2 4 4 0 0 0 0 3/8 10:31 0:00 0:00
Shane Hnidy 0 0 0 1 0 1 1 0 0 1 0/0 14:06 1:46 0:00
Vaclav Prospal 0 2 2 1 0 2 2 0 1 0 8/14 18:01 1:38 2:45
Willie Mitchell 0 0 0 2 2 0 1 1 0 0 0/0 10:23 0:00 0:21
3 Stars
1 - Nathan Dempsey (Min)
2 - Brian Rolston (Min)
3 - Chris Higgins (Min)
Power Play
Blue Jackets - 1 on 5 Attempt(s) - 20,00%
Wild - 2 on 5 Attempt(s) - 40,00%
Penalty Kill
Blue Jackets - 3 on 5 Attempt(s) - 60,00%
- Score 0 goal in Penalty Kill
Wild - 4 on 5 Attempt(s) - 80,00%
- Score 0 goal in Penalty Kill
Official
Referees : Rooney Chris and Devorski Paul
Linesman : Mark Pare and Brad Kovachik
Game Notes
5:38 of 2nd period - Blue Jackets goal is going for a video replay. After video review, No Goal. The goal has been scored and an ineligible player is on the ice.
Mike Green and Wade Redden fight to a draw at 13:40 of 2nd period
Finance
Level 1 -- Attendance: 3655 (60,92%) -- Ticket Income 456 875 $
Level 2 -- Attendance: 2531 (50,62%) -- Ticket Income 189 825 $
Level 3 -- Attendance: 905 (45,25%) -- Ticket Income 45 250 $
Level 4 -- Attendance: 1600 (40,00%) -- Ticket Income 64 000 $
Luxury Box -- Attendance: 561 (56,10%) -- Ticket Income 140 250 $
Game was played at the Forest Center
Total Attendance: 9252 (51,40%)
Total Ticket Income: 896 200 $
Other Income: 134 430 $
Total Income: 1 030 630 $
Blue Jackets
5 vs 5 Forward
Center Left Wing Right Wing Time % Phy DF OF
1 Marc Savard David Booth Pavel Bure 40 1 1 3
2 Jan Bulis Marcus Nilson Ales Kotalik 30 1 2 2
3 Greg Campbell Michael Frolik Jason Ward 25 1 2 2
4 Andrew Ebbett Ladislav Nagy Ben Guite 5 1 2 2
5 vs 5 Defense
Defense Defense Time % Phy DF OF
1 Wade Redden Kevin Bieksa 40 1 2 2
2 Branislav Mezei Derek Morris 40 1 2 2
3 Brad Stuart Shaone Morrisonn 10 1 2 2
4 Wade Redden Kevin Bieksa 10 1 2 2
PowerPlay Forward
Center Left Wing Right Wing Time % Phy DF OF
1 Marc Savard David Booth Pavel Bure 60 1 1 3
2 Jan Bulis Michael Frolik Ales Kotalik 40 1 1 3
PowerPlay Defense
Defense Defense Time % Phy DF OF
1 Wade Redden Kevin Bieksa 60 1 2 2
2 Branislav Mezei Derek Morris 40 1 2 2
Penalty Kill 4 Players Forward
Center Wing Time % Phy DF OF
1 Marc Savard Pavel Bure 60 1 2 2
2 Jan Bulis David Booth 40 1 2 2
Penalty Kill 4 Players Defense
Defense Defense Time % Phy DF OF
1 Wade Redden Kevin Bieksa 60 1 2 2
2 Branislav Mezei Derek Morris 40 1 2 2
Penalty Kill - 3 Players Forward
Forward Time % Phy DF OF
1 Marc Savard 60 1 2 2
2 Pavel Bure 40 1 2 2
Penalty Kill - 3 Players Defense
Defense Defense Time % Phy DF OF
1 Wade Redden Kevin Bieksa 60 1 2 2
2 Branislav Mezei Derek Morris 40 1 2 2
4 vs 4 Forward
Center Wing Time % Phy DF OF
1 Marc Savard Pavel Bure 60 1 2 2
2 Jan Bulis David Booth 40 1 2 2
4 vs 4 Defense
Defense Defense Time % Phy DF OF
1 Wade Redden Kevin Bieksa 60 1 2 2
2 Branislav Mezei Derek Morris 40 1 2 2
Last Minutes Offensive
Center Left Wing Right Wing Defense Defense
Marc Savard David Booth Pavel Bure Wade Redden Kevin Bieksa
Last Minutes Defensive
Center Left Wing Right Wing Defense Defense
Marc Savard David Booth Pavel Bure Wade Redden Kevin Bieksa
Goaltenders
Starting : Jaroslav Halak
Backup : Miika Kiprusoff
Extra Forwards
Normal : Michael Frolik, Ladislav Nagy, Greg Campbell - PP : Marcus Nilson, Ladislav Nagy - PK : Greg Campbell
Extra Defensemen
Normal : Brad Stuart, Derek Morris, Branislav Mezei - PP : Brad Stuart - PK : Derek Morris, Branislav Mezei
Penalty Shots
Marc Savard, Pavel Bure, Jan Bulis, David Booth, Marcus Nilson
Wild
5 vs 5 Forward
Center Left Wing Right Wing Time % Phy DF OF
1 Chris Drury Jozef Stumpel Alexei Kovalev 40 1 2 2
2 Vaclav Prospal R.J. Umberger Brian Rolston 30 1 2 2
3 Rod Brind'Amour Chris Higgins Anson Carter 20 1 2 2
4 Glen Metropolit Fredrik Modin Jonathan Rheault 10 1 2 2
5 vs 5 Defense
Defense Defense Time % Phy DF OF
1 Mike Green Nathan Dempsey 40 1 2 2
2 Mark Eaton Niclas Wallin 30 1 2 2
3 Shane Hnidy Willie Mitchell 20 1 2 2
4 Mike Green Nathan Dempsey 10 1 2 2
PowerPlay Forward
Center Left Wing Right Wing Time % Phy DF OF
1 Chris Drury Jozef Stumpel Alexei Kovalev 60 1 2 2
2 Vaclav Prospal R.J. Umberger Brian Rolston 40 1 2 2
PowerPlay Defense
Defense Defense Time % Phy DF OF
1 Mike Green Nathan Dempsey 60 1 2 2
2 Mark Eaton Niclas Wallin 40 1 2 2
Penalty Kill 4 Players Forward
Center Wing Time % Phy DF OF
1 Chris Drury Jozef Stumpel 60 1 2 2
2 Vaclav Prospal Alexei Kovalev 40 1 2 2
Penalty Kill 4 Players Defense
Defense Defense Time % Phy DF OF
1 Mike Green Nathan Dempsey 60 1 2 2
2 Mark Eaton Niclas Wallin 40 1 2 2
Penalty Kill - 3 Players Forward
Forward Time % Phy DF OF
1 Chris Drury 60 1 2 2
2 Jozef Stumpel 40 1 2 2
Penalty Kill - 3 Players Defense
Defense Defense Time % Phy DF OF
1 Mike Green Nathan Dempsey 60 1 2 2
2 Mark Eaton Niclas Wallin 40 1 2 2
4 vs 4 Forward
Center Wing Time % Phy DF OF
1 Chris Drury Jozef Stumpel 60 1 2 2
2 Vaclav Prospal Alexei Kovalev 40 1 2 2
4 vs 4 Defense
Defense Defense Time % Phy DF OF
1 Mike Green Nathan Dempsey 60 1 2 2
2 Mark Eaton Niclas Wallin 40 1 2 2
Last Minutes Offensive
Center Left Wing Right Wing Defense Defense
Chris Drury Jozef Stumpel Alexei Kovalev Mike Green Nathan Dempsey
Last Minutes Defensive
Center Left Wing Right Wing Defense Defense
Chris Drury Jozef Stumpel Alexei Kovalev Mike Green Nathan Dempsey
Goaltenders
Starting : Julien Ellis
Backup : Jamie Storr
Extra Forwards
Normal : Chris Higgins, Rod Brind'Amour, Anson Carter - PP : Chris Higgins, Rod Brind'Amour - PK : Anson Carter
Extra Defensemen
Normal : Shane Hnidy, Willie Mitchell, Mark Eaton - PP : Shane Hnidy - PK : Willie Mitchell, Mark Eaton
Penalty Shots
Chris Drury, Jozef Stumpel, Vaclav Prospal, Alexei Kovalev, R.J. Umberger
% Time on Ice - Blue Jackets
Lines # - Real PCT - Wanted PCT - Time Play
Normal Forward
1 - 34% - 40% - 14:44
2 - 28% - 30% - 12:14
3 - 25% - 25% - 10:54
4 - 13% - 5% - 5:26
Normal Defense
1 - 40% - 40% - 17:21
2 - 39% - 40% - 16:41
3 - 21% - 10% - 9:16
4 - 0% - 10% - 0:00
PP Forward
1 - 57% - 60% - 4:33
2 - 43% - 40% - 3:29
PP Defense
1 - 56% - 60% - 4:32
2 - 44% - 40% - 3:30
PK Forward
1 - 87% - 60% - 4:35
2 - 13% - 40% - 0:40
PK Defense
1 - 74% - 60% - 3:52
2 - 26% - 40% - 1:23
PK3 Forward
1 - 0% - 60%
2 - 0% - 40%
PK3 Defense
1 - 0% - 60%
2 - 0% - 40%
44 Forward
1 - 80% - 60% - 2:43
2 - 20% - 40% - 0:42
44 Defense
1 - 64% - 60% - 2:11
2 - 36% - 40% - 1:14
Last Minute Offensive - 0:00
Last Minute Defensive - 0:00
Total
Forward - 60:00
Defense - 60:00
|
% Time on Ice - Wild
Lines # - Real PCT - Wanted PCT - Time Play
Normal Forward
1 - 35% - 40% - 15:12
2 - 30% - 30% - 12:58
3 - 22% - 20% - 9:42
4 - 13% - 10% - 5:26
Normal Defense
1 - 44% - 40% - 18:51
2 - 31% - 30% - 13:18
3 - 21% - 20% - 9:11
4 - 5% - 10% - 1:58
PP Forward
1 - 69% - 60% - 3:37
2 - 31% - 40% - 1:38
PP Defense
1 - 75% - 60% - 3:56
2 - 25% - 40% - 1:19
PK Forward
1 - 66% - 60% - 5:17
2 - 34% - 40% - 2:45
PK Defense
1 - 55% - 60% - 4:23
2 - 45% - 40% - 3:39
PK3 Forward
1 - 0% - 60%
2 - 0% - 40%
PK3 Defense
1 - 0% - 60%
2 - 0% - 40%
44 Forward
1 - 80% - 60% - 2:45
2 - 20% - 40% - 0:40
44 Defense
1 - 56% - 60% - 1:55
2 - 44% - 40% - 1:30
Last Minute Offensive - 0:00
Last Minute Defensive - 0:00
Total
Forward - 60:00
Defense - 60:00
|
Play by Play
1st period
0:01 of 1st period - Chris Drury wins face-off versus Marc Savard in neutral zone.
0:14 of 1st period - Wrist shot by Chris Drury.
0:14 of 1st period - Shot Blocked by Wade Redden.
0:59 of 1st period - Wrist shot by Anson Carter.
0:59 of 1st period - Stopped by Jaroslav Halak with a rebound.
1:11 of 1st period - Wrist shot by Ladislav Nagy.
1:11 of 1st period - Deflect By Andrew Ebbett.
1:11 of 1st period - Stopped by Julien Ellis without a rebound.
1:11 of 1st period - Minor Penalty to Willie Mitchell for Interference.
1:12 of 1st period - Chris Drury wins face-off versus David Booth in Wild zone.
1:37 of 1st period - Nathan Dempsey is hit by Jan Bulis and loses puck.
2:00 of 1st period - Slapshot by Vaclav Prospal.
2:00 of 1st period - Stopped by Jaroslav Halak without a rebound.
2:01 of 1st period - Vaclav Prospal wins face-off versus Marc Savard in Blue Jackets zone.
2:02 of 1st period - Slapshot by Mike Green.
2:02 of 1st period - Shot Blocked by Pavel Bure.
2:10 of 1st period - Wrist shot by Pavel Bure.
2:10 of 1st period - Shot Misses the Net.
2:12 of 1st period - Slapshot by Branislav Mezei.
2:12 of 1st period - Stopped by Julien Ellis with a rebound.
2:26 of 1st period - Nathan Dempsey is hit by Branislav Mezei and loses puck.
2:51 of 1st period - Niclas Wallin is hit by Jan Bulis and loses puck.
3:11 of 1st period - Penalty to Willie Mitchell is over, Willie Mitchell is back on ice.
3:36 of 1st period - Andrew Ebbett is hit by Fredrik Modin and loses puck.
4:42 of 1st period - Snap shot by Glen Metropolit.
4:42 of 1st period - Stopped by Jaroslav Halak with a rebound.
4:44 of 1st period - Wrist shot by Glen Metropolit.
4:44 of 1st period - Shot Misses the Net.
4:46 of 1st period - Slapshot by Fredrik Modin.
4:46 of 1st period - Stopped by Jaroslav Halak with a rebound.
4:48 of 1st period - Slapshot by Glen Metropolit.
4:48 of 1st period - Stopped by Jaroslav Halak without a rebound.
4:49 of 1st period - Chris Drury wins face-off versus Marc Savard in Blue Jackets zone.
4:52 of 1st period - Snap shot by Chris Drury.
4:52 of 1st period - Stopped by Jaroslav Halak with a rebound.
4:54 of 1st period - Wrist shot by Jozef Stumpel.
4:54 of 1st period - Stopped by Jaroslav Halak with a rebound.
4:56 of 1st period - Snap shot by Mike Green.
4:56 of 1st period - Deflect By Jozef Stumpel.
4:56 of 1st period - Shot Misses the Net.
4:56 of 1st period - Puck is out of play.
4:57 of 1st period - Marc Savard wins face-off versus Chris Drury in Blue Jackets zone.
5:12 of 1st period - Snap shot by Marc Savard.
5:12 of 1st period - Stopped by Julien Ellis with a rebound.
5:32 of 1st period - Backhand shot by Pavel Bure.
5:32 of 1st period - Shot Blocked by Jozef Stumpel.
5:40 of 1st period - Snap shot by Chris Drury.
5:40 of 1st period - Shot Misses the Net.
5:42 of 1st period - Slapshot by Mike Green.
5:42 of 1st period - Stopped by Jaroslav Halak with a rebound.
5:44 of 1st period - Slapshot by Mike Green.
5:44 of 1st period - Stopped by Jaroslav Halak without a rebound.
5:45 of 1st period - Vaclav Prospal wins face-off versus Marcus Nilson in Blue Jackets zone.
7:03 of 1st period - Alexei Kovalev is hit by Jan Bulis.
7:13 of 1st period - Anson Carter is hit by Jan Bulis and loses puck.
7:28 of 1st period - Snap shot by Mike Green.
7:28 of 1st period - Stopped by Jaroslav Halak without a rebound.
7:29 of 1st period - Glen Metropolit wins face-off versus Marc Savard in Blue Jackets zone.
7:54 of 1st period - Nathan Dempsey is hit by Branislav Mezei and loses puck.
8:37 of 1st period - Wrist shot by Rod Brind'Amour.
8:37 of 1st period - Stopped by Jaroslav Halak without a rebound.
8:38 of 1st period - Marc Savard wins face-off versus Rod Brind'Amour in Blue Jackets zone.
8:42 of 1st period - Minor Penalty to Rod Brind'Amour for High sticking.
8:43 of 1st period - Chris Drury wins face-off versus Marc Savard in Wild zone.
9:10 of 1st period - Kevin Bieksa is hit by Vaclav Prospal and loses puck.
9:17 of 1st period - Wrist shot by Ales Kotalik.
9:17 of 1st period - Stopped by Julien Ellis without a rebound.
9:18 of 1st period - David Booth wins face-off versus Chris Drury in Wild zone.
9:19 of 1st period - Wrist shot by Pavel Bure.
9:19 of 1st period - Stopped by Julien Ellis without a rebound.
9:20 of 1st period - Marc Savard wins face-off versus Chris Drury in Wild zone.
10:42 of 1st period - Penalty to Rod Brind'Amour is over, Rod Brind'Amour is back on ice.
10:51 of 1st period - Slapshot by Chris Higgins.
10:51 of 1st period - Stopped by Jaroslav Halak without a rebound.
10:52 of 1st period - Andrew Ebbett wins face-off versus Vaclav Prospal in Blue Jackets zone.
11:49 of 1st period - Jan Bulis is hit by Nathan Dempsey and loses puck.
12:00 of 1st period - Mark Eaton is hit by Branislav Mezei and loses puck.
12:28 of 1st period - Wrist shot by Ales Kotalik.
12:28 of 1st period - Shot Misses the Net.
12:38 of 1st period - Wrist shot by Vaclav Prospal.
12:38 of 1st period - Shot Blocked by Derek Morris.
13:06 of 1st period - Slapshot by Michael Frolik.
13:06 of 1st period - Stopped by Julien Ellis with a rebound.
13:35 of 1st period - Snap shot by Vaclav Prospal.
13:35 of 1st period - Shot Blocked by Kevin Bieksa.
13:37 of 1st period - Slapshot by Willie Mitchell.
13:37 of 1st period - Shot Blocked by Wade Redden.
13:39 of 1st period - Wrist shot by Brian Rolston.
13:39 of 1st period - Stopped by Jaroslav Halak with a rebound.
14:13 of 1st period - Snap shot by Michael Frolik.
14:13 of 1st period - Shot Misses the Net.
14:21 of 1st period - Greg Campbell is hit by Chris Drury and loses puck.
15:03 of 1st period - Snap shot by R.J. Umberger.
15:03 of 1st period - Stopped by Jaroslav Halak with a rebound.
15:21 of 1st period - Slapshot by Ladislav Nagy.
15:21 of 1st period - Shot Misses the Net.
15:23 of 1st period - Slapshot by Derek Morris.
15:23 of 1st period - Stopped by Julien Ellis with a rebound.
15:25 of 1st period - Slapshot by Ladislav Nagy.
15:25 of 1st period - Deflect By Mike Green.
15:25 of 1st period - Stopped by Julien Ellis with a rebound.
15:37 of 1st period - Jason Ward is hit by Chris Drury and loses puck.
15:44 of 1st period - Alexei Kovalev is hit by Derek Morris and loses puck.
16:23 of 1st period - Snap shot by Brian Rolston.
16:23 of 1st period - Shot Misses the Net.
16:41 of 1st period - Snap shot by Chris Higgins.
16:41 of 1st period - Deflect By Anson Carter.
16:41 of 1st period - Shot Misses the Net.
16:41 of 1st period - Puck is out of play.
16:42 of 1st period - Marc Savard wins face-off versus Rod Brind'Amour in Blue Jackets zone.
16:48 of 1st period - Icing by Wade Redden.
16:49 of 1st period - Marc Savard wins face-off versus Chris Drury in Blue Jackets zone.
16:49 of 1st period - Marc Savard is hit by Willie Mitchell.
17:05 of 1st period - Slapshot by Pavel Bure.
17:05 of 1st period - Stopped by Julien Ellis with a rebound.
17:07 of 1st period - Snap shot by Marc Savard.
17:07 of 1st period - Stopped by Julien Ellis with a rebound.
17:09 of 1st period - Snap shot by Pavel Bure.
17:09 of 1st period - Shot Blocked by Willie Mitchell.
17:11 of 1st period - Wrist shot by Marc Savard.
17:11 of 1st period - Stopped by Julien Ellis without a rebound.
17:12 of 1st period - Greg Campbell wins face-off versus Vaclav Prospal in Wild zone.
17:38 of 1st period - Slapshot by Ales Kotalik.
17:38 of 1st period - Stopped by Julien Ellis without a rebound.
17:39 of 1st period - Jan Bulis wins face-off versus Chris Drury in Wild zone.
17:52 of 1st period - Wrist shot by Jozef Stumpel.
17:52 of 1st period - Shot Misses the Net.
18:17 of 1st period - Wrist shot by Pavel Bure.
18:17 of 1st period - Stopped by Julien Ellis with a rebound.
18:27 of 1st period - Slapshot by Chris Higgins.
18:27 of 1st period - Deflect By Rod Brind'Amour.
18:27 of 1st period - Shot Misses the Net.
18:27 of 1st period - Puck is out of play.
18:28 of 1st period - Greg Campbell wins face-off versus Rod Brind'Amour in Blue Jackets zone.
18:39 of 1st period - Slapshot by Derek Morris.
18:39 of 1st period - Deflect By Jason Ward.
18:39 of 1st period - Shot Misses the Net.
18:39 of 1st period - Puck is out of play.
18:40 of 1st period - Pavel Bure wins face-off versus Alexei Kovalev in Wild zone.
18:47 of 1st period - Slapshot by Pavel Bure.
18:47 of 1st period - Stopped by Julien Ellis without a rebound.
18:48 of 1st period - Marc Savard wins face-off versus Chris Drury in Wild zone.
18:48 of 1st period - Marc Savard is hit by Mike Green.
19:01 of 1st period - Nathan Dempsey is hit by Marc Savard and loses puck.
19:21 of 1st period - Minor Penalty to Pavel Bure for Slashing.
19:22 of 1st period - Vaclav Prospal wins face-off versus Marc Savard in Blue Jackets zone.
19:27 of 1st period - Snap shot by Brian Rolston.
19:27 of 1st period - Shot Blocked by Wade Redden.
19:29 of 1st period - Snap shot by Mike Green.
19:29 of 1st period - Shot Misses the Net.
19:31 of 1st period - Backhand shot by Nathan Dempsey.
19:31 of 1st period - Goal by Nathan Dempsey - Blue Jackets : 0 - Wild : 1.
19:32 of 1st period - Marc Savard wins face-off versus Jozef Stumpel in neutral zone.
19:35 of 1st period - Mike Green is hit by Pavel Bure and loses puck.
2nd period
0:01 of 2nd period - Jozef Stumpel wins face-off versus Marc Savard in neutral zone.
0:14 of 2nd period - Snap shot by Marc Savard.
0:14 of 2nd period - Stopped by Julien Ellis with a rebound.
0:39 of 2nd period - Minor Penalty to R.J. Umberger for Holding.
0:40 of 2nd period - Marc Savard wins face-off versus Chris Drury in Wild zone.
1:05 of 2nd period - Mike Green is hit by Kevin Bieksa and loses puck.
2:39 of 2nd period - Penalty to R.J. Umberger is over, R.J. Umberger is back on ice.
2:46 of 2nd period - R.J. Umberger is hit by Andrew Ebbett and loses puck.
3:40 of 2nd period - Off-side.
3:41 of 2nd period - Greg Campbell wins face-off versus Rod Brind'Amour in neutral zone.
3:55 of 2nd period - Michael Frolik is hit by Shane Hnidy and loses puck.
4:06 of 2nd period - Pavel Bure is hit by Chris Drury and loses puck.
4:11 of 2nd period - Wrist shot by Chris Drury.
4:11 of 2nd period - Stopped by Jaroslav Halak without a rebound.
4:12 of 2nd period - Chris Drury wins face-off versus Jan Bulis in Blue Jackets zone.
4:15 of 2nd period - Snap shot by Chris Drury.
4:15 of 2nd period - Stopped by Jaroslav Halak with a rebound.
4:17 of 2nd period - Snap shot by Alexei Kovalev.
4:17 of 2nd period - Stopped by Jaroslav Halak without a rebound.
4:18 of 2nd period - Jan Bulis wins face-off versus Chris Drury in Blue Jackets zone.
4:23 of 2nd period - Snap shot by Wade Redden.
4:23 of 2nd period - Deflect By Jan Bulis.
4:23 of 2nd period - Stopped by Julien Ellis without a rebound.
4:24 of 2nd period - Chris Drury wins face-off versus Marc Savard in Wild zone.
4:24 of 2nd period - Chris Drury is hit by Marc Savard.
4:30 of 2nd period - Snap shot by Nathan Dempsey.
4:30 of 2nd period - Shot Hit the Post.
4:46 of 2nd period - Icing by Nathan Dempsey.
4:47 of 2nd period - Jozef Stumpel wins face-off versus Jan Bulis in Wild zone.
5:14 of 2nd period - Jozef Stumpel is hit by Branislav Mezei.
5:32 of 2nd period - Backhand shot by Jason Ward.
5:32 of 2nd period - Stopped by Julien Ellis with a rebound.
5:36 of 2nd period - Snap shot by Michael Frolik.
5:36 of 2nd period - Shot Misses the Net.
5:38 of 2nd period - Slapshot by Jason Ward.
5:38 of 2nd period - Blue Jackets goal is going for a video replay.
5:38 of 2nd period - The goal is refused. The goal has been scored and an ineligible player is on the ice..
5:39 of 2nd period - Chris Drury wins face-off versus Marc Savard in Wild zone.
5:47 of 2nd period - Icing by Kevin Bieksa.
5:48 of 2nd period - Jozef Stumpel wins face-off versus Marc Savard in Blue Jackets zone.
6:02 of 2nd period - Wade Redden is hit by Jozef Stumpel and loses puck.
6:07 of 2nd period - Slapshot by Marc Savard.
6:07 of 2nd period - Shot Blocked by Mike Green.
6:11 of 2nd period - Wrist shot by Marc Savard.
6:11 of 2nd period - Stopped by Julien Ellis without a rebound.
6:12 of 2nd period - Vaclav Prospal wins face-off versus Jan Bulis in Wild zone.
6:59 of 2nd period - Wrist shot by Fredrik Modin.
6:59 of 2nd period - Stopped by Jaroslav Halak with a rebound.
7:01 of 2nd period - Slapshot by Willie Mitchell.
7:01 of 2nd period - Shot Misses the Net.
7:03 of 2nd period - Slapshot by Shane Hnidy.
7:03 of 2nd period - Shot Misses the Net.
7:05 of 2nd period - Slapshot by Glen Metropolit.
7:05 of 2nd period - Shot Misses the Net.
7:45 of 2nd period - Snap shot by Marc Savard.
7:45 of 2nd period - Stopped by Julien Ellis with a rebound.
7:47 of 2nd period - Snap shot by David Booth.
7:47 of 2nd period - Shot Misses the Net.
7:49 of 2nd period - Snap shot by Pavel Bure.
7:49 of 2nd period - Shot Misses the Net.
7:51 of 2nd period - Slapshot by Marc Savard.
7:51 of 2nd period - Shot Blocked by Alexei Kovalev.
8:13 of 2nd period - Snap shot by Marcus Nilson.
8:13 of 2nd period - Stopped by Julien Ellis without a rebound.
8:14 of 2nd period - Marc Savard wins face-off versus Vaclav Prospal in Wild zone.
8:15 of 2nd period - Wrist shot by Pavel Bure.
8:15 of 2nd period - Deflect By Nathan Dempsey.
8:15 of 2nd period - Stopped by Julien Ellis with a rebound.
8:17 of 2nd period - Slapshot by Wade Redden.
8:17 of 2nd period - Shot Misses the Net.
8:19 of 2nd period - Wrist shot by David Booth.
8:19 of 2nd period - Shot Blocked by Mike Green.
8:27 of 2nd period - Snap shot by Pavel Bure.
8:27 of 2nd period - Shot Misses the Net.
8:29 of 2nd period - Slapshot by Wade Redden.
8:29 of 2nd period - Stopped by Julien Ellis with a rebound.
8:39 of 2nd period - Wade Redden is hit by Jozef Stumpel.
8:45 of 2nd period - Slapshot by Kevin Bieksa.
8:45 of 2nd period - Stopped by Julien Ellis without a rebound.
8:46 of 2nd period - Chris Drury wins face-off versus Marc Savard in Wild zone.
9:12 of 2nd period - Off-side.
9:13 of 2nd period - Vaclav Prospal wins face-off versus Jan Bulis in neutral zone.
9:53 of 2nd period - Slapshot by Ales Kotalik.
9:53 of 2nd period - Stopped by Julien Ellis with a rebound.
9:55 of 2nd period - Slapshot by Branislav Mezei.
9:55 of 2nd period - Deflect By Jan Bulis.
9:55 of 2nd period - Shot Misses the Net.
9:55 of 2nd period - Puck is out of play.
9:56 of 2nd period - Chris Drury wins face-off versus Marc Savard in Wild zone.
10:00 of 2nd period - Minor Penalty to Shaone Morrisonn for Interference.
10:01 of 2nd period - Marc Savard wins face-off versus Chris Drury in Blue Jackets zone.
10:01 of 2nd period - Marc Savard is hit by Jozef Stumpel.
10:15 of 2nd period - Wrist shot by Chris Drury.
10:15 of 2nd period - Stopped by Jaroslav Halak without a rebound.
10:16 of 2nd period - Marc Savard wins face-off versus Chris Drury in Blue Jackets zone.
10:33 of 2nd period - Minor Penalty to Alexei Kovalev for Tripping.
10:34 of 2nd period - Chris Drury wins face-off versus Marc Savard in Wild zone.
10:39 of 2nd period - Snap shot by Chris Drury.
10:39 of 2nd period - Shot Misses the Net.
11:13 of 2nd period - Pavel Bure is hit by Chris Drury.
11:39 of 2nd period - Mark Eaton is hit by Wade Redden.
12:00 of 2nd period - Penalty to Shaone Morrisonn is over, Shaone Morrisonn is back on ice.
12:03 of 2nd period - Slapshot by Kevin Bieksa.
12:03 of 2nd period - Deflect By Chris Higgins.
12:03 of 2nd period - Stopped by Julien Ellis with a rebound.
12:05 of 2nd period - Slapshot by Branislav Mezei.
12:05 of 2nd period - Goal by Branislav Mezei - Blue Jackets : 1 - Wild : 1.
12:06 of 2nd period - Marcus Nilson wins face-off versus Vaclav Prospal in neutral zone.
12:10 of 2nd period - Off-side.
12:11 of 2nd period - Vaclav Prospal wins face-off versus Jan Bulis in neutral zone.
12:52 of 2nd period - Minor Penalty to Greg Campbell for Interference.
12:53 of 2nd period - Chris Drury wins face-off versus Marc Savard in Blue Jackets zone.
13:24 of 2nd period - Snap shot by R.J. Umberger.
13:24 of 2nd period - Stopped by Jaroslav Halak with a rebound.
13:26 of 2nd period - Snap shot by R.J. Umberger.
13:26 of 2nd period - Goal by R.J. Umberger - Blue Jackets : 1 - Wild : 2.
13:27 of 2nd period - Chris Drury wins face-off versus Jan Bulis in neutral zone.
13:38 of 2nd period - Wrist shot by Marcus Nilson.
13:38 of 2nd period - Shot Blocked by Nathan Dempsey.
13:40 of 2nd period - Snap shot by Marcus Nilson.
13:40 of 2nd period - Stopped by Julien Ellis without a rebound.
13:40 of 2nd period - Mike Green and Wade Redden fight to a draw.
13:40 of 2nd period - Penalty to Mike Green for Fighting.
13:40 of 2nd period - Penalty to Wade Redden for Fighting.
13:41 of 2nd period - Marc Savard wins face-off versus Chris Drury in Wild zone.
14:01 of 2nd period - Minor Penalty to Ales Kotalik for Interference.
14:02 of 2nd period - Marc Savard wins face-off versus Jozef Stumpel in Blue Jackets zone.
14:42 of 2nd period - Off-side.
14:43 of 2nd period - Chris Drury wins face-off versus Jan Bulis in neutral zone.
14:46 of 2nd period - Slapshot by Shane Hnidy.
14:46 of 2nd period - Deflect By Alexei Kovalev.
14:46 of 2nd period - Shot Misses the Net.
14:46 of 2nd period - Puck is out of play.
14:47 of 2nd period - Jan Bulis wins face-off versus Chris Drury in Blue Jackets zone.
15:21 of 2nd period - Slapshot by Jozef Stumpel.
15:21 of 2nd period - Stopped by Jaroslav Halak with a rebound.
15:23 of 2nd period - Snap shot by Jozef Stumpel.
15:23 of 2nd period - Shot Misses the Net.
16:01 of 2nd period - Penalty to Ales Kotalik is over, Ales Kotalik is back on ice.
16:13 of 2nd period - Snap shot by Chris Drury.
16:13 of 2nd period - Stopped by Jaroslav Halak without a rebound.
16:14 of 2nd period - Michael Frolik wins face-off versus Vaclav Prospal in Blue Jackets zone.
16:21 of 2nd period - Wrist shot by Michael Frolik.
16:21 of 2nd period - Shot Misses the Net.
16:23 of 2nd period - Slapshot by Shaone Morrisonn.
16:23 of 2nd period - Stopped by Julien Ellis without a rebound.
16:24 of 2nd period - Greg Campbell wins face-off versus Vaclav Prospal in Wild zone.
16:55 of 2nd period - Slapshot by Michael Frolik.
16:55 of 2nd period - Shot Misses the Net.
17:09 of 2nd period - Snap shot by Jason Ward.
17:09 of 2nd period - Shot Misses the Net.
17:11 of 2nd period - Slapshot by Greg Campbell.
17:11 of 2nd period - Shot Blocked by Niclas Wallin.
17:13 of 2nd period - Wrist shot by Michael Frolik.
17:13 of 2nd period - Shot Misses the Net.
17:15 of 2nd period - Wrist shot by Greg Campbell.
17:15 of 2nd period - Stopped by Julien Ellis without a rebound.
17:16 of 2nd period - Rod Brind'Amour wins face-off versus Marc Savard in Wild zone.
17:24 of 2nd period - Wrist shot by Shane Hnidy.
17:24 of 2nd period - Deflect By Pavel Bure.
17:24 of 2nd period - Stopped by Jaroslav Halak without a rebound.
17:25 of 2nd period - Rod Brind'Amour wins face-off versus Marc Savard in Blue Jackets zone.
17:26 of 2nd period - Snap shot by Chris Higgins.
17:26 of 2nd period - Shot Blocked by David Booth.
17:38 of 2nd period - Snap shot by Chris Higgins.
17:38 of 2nd period - Stopped by Jaroslav Halak with a rebound.
17:40 of 2nd period - Snap shot by Anson Carter.
17:40 of 2nd period - Shot Blocked by Marc Savard.
17:42 of 2nd period - Wrist shot by Chris Higgins.
17:42 of 2nd period - Stopped by Jaroslav Halak with a rebound.
17:44 of 2nd period - Slapshot by Nathan Dempsey.
17:44 of 2nd period - Deflect By Chris Higgins.
17:44 of 2nd period - Goal by Chris Higgins - Blue Jackets : 1 - Wild : 3.
17:45 of 2nd period - Marc Savard wins face-off versus Alexei Kovalev in neutral zone.
18:23 of 2nd period - Wrist shot by Ales Kotalik.
18:23 of 2nd period - Shot Misses the Net.
18:37 of 2nd period - Backhand shot by Chris Higgins.
18:37 of 2nd period - Shot Misses the Net.
18:50 of 2nd period - Icing by Michael Frolik.
18:51 of 2nd period - Andrew Ebbett wins face-off versus Chris Drury in Blue Jackets zone.
19:06 of 2nd period - Jozef Stumpel is hit by Derek Morris and loses puck.
19:21 of 2nd period - David Booth is hit by Brian Rolston and loses puck.
3rd period
0:01 of 3rd period - Chris Drury wins face-off versus Marc Savard in neutral zone.
0:04 of 3rd period - Kevin Bieksa is hit by Alexei Kovalev and loses puck.
0:11 of 3rd period - Slapshot by Alexei Kovalev.
0:11 of 3rd period - Stopped by Jaroslav Halak without a rebound.
0:12 of 3rd period - Pavel Bure wins face-off versus Chris Drury in Blue Jackets zone.
0:12 of 3rd period - Pavel Bure is hit by Mike Green.
0:38 of 3rd period - Mike Green is hit by Jan Bulis and loses puck.
0:47 of 3rd period - Wrist shot by Marcus Nilson.
0:47 of 3rd period - Shot Misses the Net.
1:03 of 3rd period - Snap shot by Chris Higgins.
1:03 of 3rd period - Stopped by Jaroslav Halak without a rebound.
1:04 of 3rd period - Chris Drury wins face-off versus Marc Savard in Blue Jackets zone.
1:17 of 3rd period - Wrist shot by Marc Savard.
1:17 of 3rd period - Stopped by Julien Ellis with a rebound.
2:20 of 3rd period - Minor Penalty to Rod Brind'Amour for Hooking.
2:21 of 3rd period - Chris Drury wins face-off versus Marc Savard in Wild zone.
4:20 of 3rd period - Penalty to Rod Brind'Amour is over, Rod Brind'Amour is back on ice.
4:22 of 3rd period - Icing by Derek Morris.
4:23 of 3rd period - Vaclav Prospal wins face-off versus Jan Bulis in Blue Jackets zone.
4:28 of 3rd period - Snap shot by R.J. Umberger.
4:28 of 3rd period - Stopped by Jaroslav Halak without a rebound.
4:29 of 3rd period - Vaclav Prospal wins face-off versus Marc Savard in Blue Jackets zone.
4:30 of 3rd period - Snap shot by Brian Rolston.
4:30 of 3rd period - Goal by Brian Rolston - Blue Jackets : 1 - Wild : 4.
4:31 of 3rd period - Marc Savard wins face-off versus Chris Drury in neutral zone.
4:38 of 3rd period - Snap shot by David Booth.
4:38 of 3rd period - Shot Misses the Net.
5:37 of 3rd period - Icing by Chris Higgins.
5:38 of 3rd period - Glen Metropolit wins face-off versus Ladislav Nagy in Wild zone.
6:34 of 3rd period - Snap shot by R.J. Umberger.
6:34 of 3rd period - Stopped by Jaroslav Halak without a rebound.
6:35 of 3rd period - Marc Savard wins face-off versus Brian Rolston in Blue Jackets zone.
6:35 of 3rd period - Marc Savard is hit by Brian Rolston.
6:45 of 3rd period - Wrist shot by Pavel Bure.
6:45 of 3rd period - Shot Misses the Net.
6:49 of 3rd period - Snap shot by David Booth.
6:49 of 3rd period - Shot Misses the Net.
7:23 of 3rd period - Snap shot by Rod Brind'Amour.
7:23 of 3rd period - Stopped by Jaroslav Halak without a rebound.
7:24 of 3rd period - Rod Brind'Amour wins face-off versus Greg Campbell in Blue Jackets zone.
7:49 of 3rd period - Chris Higgins is hit by Michael Frolik and loses puck.
8:03 of 3rd period - Off-side.
8:04 of 3rd period - Marc Savard wins face-off versus Chris Drury in neutral zone.
8:09 of 3rd period - Snap shot by David Booth.
8:09 of 3rd period - Deflect By Pavel Bure.
8:09 of 3rd period - Shot Misses the Net.
8:09 of 3rd period - Puck is out of play.
8:10 of 3rd period - Pavel Bure wins face-off versus Chris Drury in Wild zone.
8:58 of 3rd period - Icing by Chris Higgins.
8:59 of 3rd period - Greg Campbell wins face-off versus Rod Brind'Amour in Wild zone.
9:00 of 3rd period - Wrist shot by Jason Ward.
9:00 of 3rd period - Stopped by Julien Ellis with a rebound.
9:10 of 3rd period - Snap shot by Greg Campbell.
9:10 of 3rd period - Stopped by Julien Ellis without a rebound.
9:11 of 3rd period - Alexei Kovalev wins face-off versus Marc Savard in Wild zone.
9:11 of 3rd period - Alexei Kovalev is hit by David Booth.
9:23 of 3rd period - Snap shot by Chris Drury.
9:23 of 3rd period - Stopped by Jaroslav Halak with a rebound.
9:43 of 3rd period - Snap shot by David Booth.
9:43 of 3rd period - Shot Misses the Net.
9:45 of 3rd period - Wrist shot by Ales Kotalik.
9:45 of 3rd period - Shot Misses the Net.
9:47 of 3rd period - Snap shot by Jan Bulis.
9:47 of 3rd period - Stopped by Julien Ellis with a rebound.
9:49 of 3rd period - Snap shot by Ales Kotalik.
9:49 of 3rd period - Shot Misses the Net.
9:58 of 3rd period - Icing by Mike Green.
9:59 of 3rd period - Greg Campbell wins face-off versus Brian Rolston in Wild zone.
10:30 of 3rd period - Snap shot by David Booth.
10:30 of 3rd period - Stopped by Julien Ellis with a rebound.
11:18 of 3rd period - Slapshot by Mike Green.
11:18 of 3rd period - Shot Misses the Net.
11:29 of 3rd period - Minor Penalty to Niclas Wallin for High sticking.
11:29 of 3rd period - Minor Penalty to Shaone Morrisonn for Hooking.
11:30 of 3rd period - Chris Drury wins face-off versus Marc Savard in neutral zone.
11:32 of 3rd period - Off-side.
11:33 of 3rd period - Marc Savard wins face-off versus Chris Drury in neutral zone.
11:42 of 3rd period - Wrist shot by Pavel Bure.
11:42 of 3rd period - Goal by Pavel Bure - Blue Jackets : 2 - Wild : 4.
11:43 of 3rd period - Marc Savard wins face-off versus Chris Drury in neutral zone.
13:19 of 3rd period - Rod Brind'Amour is hit by Marc Savard and loses puck.
13:29 of 3rd period - Penalty to Niclas Wallin is over, Niclas Wallin is back on ice.
13:29 of 3rd period - Penalty to Shaone Morrisonn is over, Shaone Morrisonn is back on ice.
13:42 of 3rd period - Niclas Wallin is hit by Wade Redden and loses puck.
14:13 of 3rd period - Snap shot by Rod Brind'Amour.
14:13 of 3rd period - Stopped by Jaroslav Halak with a rebound.
14:15 of 3rd period - Wrist shot by Chris Higgins.
14:15 of 3rd period - Shot Misses the Net.
14:21 of 3rd period - Wrist shot by Rod Brind'Amour.
14:21 of 3rd period - Goal by Rod Brind'Amour - Blue Jackets : 2 - Wild : 5.
14:22 of 3rd period - Marc Savard wins face-off versus Chris Drury in neutral zone.
14:27 of 3rd period - Snap shot by Alexei Kovalev.
14:27 of 3rd period - Shot Misses the Net.
14:47 of 3rd period - Ales Kotalik is hit by Vaclav Prospal and loses puck.
15:21 of 3rd period - Anson Carter is hit by Greg Campbell and loses puck.
16:51 of 3rd period - Chris Drury is hit by Wade Redden and loses puck.
17:20 of 3rd period - Fredrik Modin is hit by Ladislav Nagy and loses puck.
17:43 of 3rd period - Snap shot by Vaclav Prospal.
17:43 of 3rd period - Stopped by Jaroslav Halak with a rebound.
17:58 of 3rd period - Minor Penalty to Marcus Nilson for Hooking.
17:59 of 3rd period - Marc Savard wins face-off versus Chris Drury in Blue Jackets zone.
18:24 of 3rd period - Marc Savard is hit by Niclas Wallin and loses puck.
18:55 of 3rd period - Brian Rolston is hit by David Booth and loses puck.
19:08 of 3rd period - Alexei Kovalev is hit by Pavel Bure and loses puck.
19:31 of 3rd period - Greg Campbell is hit by Brian Rolston.
19:58 of 3rd period - Penalty to Marcus Nilson is over, Marcus Nilson is back on ice.
Output by the SimonT Hockey Simulator (STHS) for François Prévost -- Original Page W3C XHTML 1.0 Valid